 Dungeon Crawl Stone Soup version 0.19.1-1-g22dce08 (webtiles) character file.

48760 galech the Protected (level 14, 0/138 HPs)
             Began as a Deep Dwarf Fighter on Jan 2, 2017.
             Was the Champion of Makhleb.
             Impaled on a porcupine's spines (8 damage)
             ... on level 3 of the Lair of Beasts.
             The game lasted 00:57:07 (15725 turns).

galech the Protected (Deep Dwarf Fighter)          Turns: 15725, Time: 00:57:08

Health: 0/138      AC: 51    Str: 27    XL:     14   Next: 13%
Magic:  0/0        EV:  8    Int: 12    God:    Makhleb [******]
Gold:   1257       SH: 19    Dex: 14    Spells: 0 memorised, 13 levels left

rFire  . . .     SeeInvis .     a - +0 war axe (protect)
rCold  . . .     Gourm    .     J - +27 Lear's hauberk
rNeg   + . .     Faith    .     c - +0 shield
rPois  .         Spirit   .     (helmet currently unavailable)
rElec  .         Reflect  +     F - +1 cloak
rCorr  .         Harm     .     (gloves currently unavailable)
MR     ++...     Clarity  +     (boots currently unavailable)
Stlth  ..........               y - +6 amulet of reflection
                                p - +3 ring of strength
                                l - ring of flight

@: protection aura, non-regenerating
A: damage resistance, recharge devices, hooves 1, thin metallic scales 1, agile
1, clarity, clever 1, low mp 1, negative energy resistance 1, sense surroundings
2, slow regeneration 3, wild magic 1
a: Device Recharging, Minor Destruction, Lesser Servant of Makhleb, Major
Destruction, Greater Servant of Makhleb, Renounce Religion, Evoke Flight


You were on level 3 of the Lair of Beasts.
You worshipped Makhleb.
Makhleb was exalted by your worship.
You were hungry.

You visited 5 branches of the dungeon, and saw 20 of its levels.
You visited 1 bazaar.
You also visited: Sewer and Ossuary.

You collected 1321 gold pieces.
You spent 64 gold pieces at shops.

Inventory:

Hand Weapons
 a - a +0 war axe of protection (weapon)
Armour
 c - a +0 shield (worn)
 h - a +2 hat
 B - a +0 buckler of resistance
 F - a +1 cloak (worn)
 J - the +27 Lear's hauberk (worn)
   (You found it on level 13 of the Dungeon)
 O - a +2 plate armour of poison resistance
 P - a +0 plate armour
 T - a +1 pair of gloves
 X - a +0 pair of boots
Jewellery
 b - an uncursed ring of wizardry
 l - a ring of flight (left hand)
 p - a +3 ring of strength (right hand)
 y - a +6 amulet of reflection (around neck)
 V - a +4 ring of intelligence
Wands
 e - a wand of heal wounds (0/9)
 x - a wand of heal wounds (0/9)
 Z - a wand of teleportation (7/9)
Scrolls
 g - 11 scrolls of teleportation
 j - 12 scrolls of remove curse
 k - 6 scrolls of fog
 s - 6 scrolls of random uselessness
 C - 8 scrolls of amnesia
 I - a scroll of fear
 N - 2 scrolls of magic mapping
 S - 2 scrolls of enchant armour
 W - 2 scrolls of identify
Potions
 d - 4 potions of might
 m - 2 potions of invisibility
 n - 2 potions of magic
 o - 9 potions of flight
 q - 5 potions of brilliance
 r - 5 potions of haste
 u - a potion of resistance
 v - 3 potions of mutation
 z - 2 potions of ambrosia
 D - 5 potions of agility
 G - a potion of lignification
 K - 2 potions of cure mutation
 L - a potion of berserk rage
 Q - 6 potions of curing
Comestibles
 f - 8 bread rations
 i - 9 meat rations
 t - 16 fruits
 A - 4 slices of pizza
 E - 11 royal jellies
 H - 7 beef jerkies


   Skills:
 + Level 12.3 Fighting
 + Level 13.9 Axes
 + Level 13.9 Armour
 - Level 0.2 Dodging
 + Level 12.3 Shields


You had 13 spell levels left.
You didn't know any spells.

Dungeon Overview and Level Annotations

Branches:
Dungeon (13/15)            Temple (1/1) D:5            Lair (3/6) D:8
 Shoals (2/4) Lair:2          Orc (1/2) D:9          Vaults (0/5) D:13
  Snake: Lair:2-4    Spider: Lair:2-4

Altars:
Ashenzari
Dithmenos
Elyvilon
Fedhas
Gozag
Hepliaklqana
Kikubaaqudgha
Makhleb
Qazlal
Ru
Sif Muna
Vehumet
Yredelemnul
Zin
The Shining One
Beogh

Shops:
D:5 :   D:7 }

Annotations:
Orc:1 Harold


Innate Abilities, Weirdness & Mutations

You are resistant to damage.
You can recharge devices by infusing magical energy.
You resist negative energy. (rN+)
You passively map the area around you.
You do not regenerate.
You have large cloven feet.
You are partially covered in thin metallic scales. (AC +2)
You are agile. (Dex +2)
You possess an exceptional clarity of mind.
Your mind is acute. (Int +2)
Your magical capacity is low. (-10% MP)
Your spells are a little harder to cast, but a little more powerful.


Message History

The porcupine is severely wounded.
The porcupine bites you but does no damage.
You barely miss the porcupine.
You kick the porcupine, but do no damage.
The porcupine is severely wounded.
The porcupine bites you but does no damage.
You hit the porcupine. Your kick misses the porcupine.
The porcupine is almost dead.
The porcupine bites you but does no damage.
You are feeling hungry.
You are struck by the porcupine's spines.
* * * LOW HITPOINT WARNING * * *
You closely miss the porcupine. Your kick misses the porcupine.
The porcupine is almost dead.
The porcupine bites you but does no damage.
You closely miss the porcupine. Your kick misses the porcupine.
The porcupine is almost dead.
You block the porcupine's attack.
You are struck by the porcupine's spines.
You die...

* , *
*#P......#.....
*, * * *
###.......## .. *
#.#........#, . ,
,, #.........#*
** * *
#.##......## , ##
##....#.# * ,
*###.#...### **,*
* ...#P.......#
**
*.........@r..#*
*
*##.........#...#
#..............P
* *
##...!.........#*
* ##........#....
, ,,
#P............. ,
##.............
,,
##......P....., ,
, , , ,


You could see a porcupine.

Vanquished Creatures
  A kraken (Shoals:1)
  Kirke (D:12)
  Snorg (D:10)
  2 vault guards (D:13)
  An alligator snapping turtle (Shoals:2)
  A death knight (D:11)
  2 sea snakes
  3 unseen horrors
  A wizard (D:13)
  4 hill giants
  Pikel (D:8)
  A deep elf mage (D:12)
  A necromancer (D:13)
  2 manticores (Shoals:2)
  2 ugly things (D:12)
  10 fauns
  2 water nymphs
  4 sirens
  A black mamba (Lair:2)
  Maurice (D:8)
  A gargoyle (D:11)
  3 spiny frogs
  A rime drake (Lair:2)
  5 centaur skeletons
  2 trolls
  6 komodo dragons
  A queen bee (D:13)
  3 meliai (D:13)
  A tengu conjurer (D:13)
  2 merfolk
  3 snapping turtles
  7 blink frogs
  3 hippogriffs
  Prince Ribbit (D:5)
  A wraith (Ossuary)
  3 shadows
  34 yaks
  2 wyverns
  A basilisk (Lair:1)
  5 hogs (D:12)
  19 humans (D:13)
  2 hungry ghosts
  A mottled dragon (D:12)
  3 vampire mosquitoes (D:12)
  4 water moccasins
  3 porcupines
  An ice beast (D:11)
  Purgy (Sewer)
  9 orc warriors
  5 sky beasts
  An eye of draining (D:8)
  2 phantoms
  2 slaves (D:8)
  A black bear (D:7)
  8 centaurs
  7 ogres
  5 crocodiles
  A big kobold (D:8)
  A gnoll sergeant (D:7)
  6 bullfrogs
  A wyvern zombie (D:8)
  2 wyvern skeletons
  3 scorpions
  21 killer bees (D:13)
  7 wights (D:9)
  3 howler monkeys
  4 crimson imps
  A bullfrog zombie (D:12)
  A quasit (D:8)
  2 centaur zombies
  A bullfrog skeleton (D:10)
  3 jellies (D:11)
  9 orc priests
  8 hounds
  9 orc wizards
  3 iguanas
  Natasha (D:3)
  5 worker ants
  A killer bee zombie (D:5)
  2 hound skeletons
  A worker ant zombie (D:8)
  3 mummies (Ossuary)
  14 gnolls
  16 adders
  4 shadow imps
  An adder zombie (D:5)
  2 adder skeletons (D:8)
  6 worms
  A dart slug (D:1)
  6 leopard geckos
  46 orcs
  9 bats
  16 giant cockroaches
  5 goblins
  8 hobgoblins
  15 jackals
  5 quokkas
  A frilled lizard (D:1)
  3 goblin zombies (Ossuary)
  A hobgoblin zombie (Ossuary)
  21 kobolds
  4 kobold zombies (Ossuary)
  A leopard gecko skeleton (D:6)
  A leopard gecko zombie (D:5)
  A quokka skeleton (D:5)
  9 rats
  A plant (Shoals:1)
  2 tentacles (Shoals:1)
499 creatures vanquished.

Vanquished Creatures (others)
  A satyr (Shoals:2)
  A slave (D:8)
  A centaur (D:6)
  An orc wizard (D:5)
  An orc (D:9)
  A kobold (D:8)
  2 fungi (Lair:1)
  A plant (Shoals:1)
  6 tentacles (Shoals:1)
15 creatures vanquished.

Grand Total: 514 creatures vanquished

Notes
Turn   | Place    | Note
-------+----------+-------------------------------------------
     0 | D:1      | galech the Deep Dwarf Fighter began the quest for the Orb.
     0 | D:1      | Reached XP level 1. HP: 20/20 MP: 1/1
   102 | D:1      | Reached XP level 2. HP: 24/27 MP: 2/2
   519 | D:2      | Reached XP level 3. HP: 29/34 MP: 3/3
  1066 | D:2      | Found a faded altar of an unknown god.
  1082 | D:2      | Reached XP level 4. HP: 36/42 MP: 4/4
  1801 | D:3      | Found an opulent altar of Gozag.
  1954 | D:3      | Noticed Natasha
  1977 | D:3      | Killed Natasha
  1977 | D:3      | Reached XP level 5. HP: 26/49 MP: 5/5
  2238 | D:4      | Reached XP level 6. HP: 49/57 MP: 6/6
  2381 | D:4      | Reached skill level 5 in Armour
  2683 | D:5      | Entered Level 5 of the Dungeon
  2696 | D:5      | Reached skill level 5 in Axes
  2696 | D:5      | Reached XP level 7. HP: 55/66 MP: 6/6
  2869 | D:5      | Reached skill level 5 in Fighting
  3047 | D:5      | Found Niron's Book Shop.
  3048 | D:5      | Noticed Prince Ribbit
  3052 | D:5      | Found a sand-covered staircase.
  3063 | Ossuary  | Entered an ossuary
  3063 | Ossuary  | Noticed a wraith
  3063 | Ossuary  | Noticed a wraith
  3063 | Ossuary  | Noticed a wraith
  3289 | Ossuary  | Noticed a wraith
  3307 | Ossuary  | Killed a wraith
  3516 | D:5      | Killed Prince Ribbit
  3516 | D:5      | Reached XP level 8. HP: 51/76 MP: 5/5
  3595 | D:5      | Found a shadowy altar of Dithmenos.
  3835 | D:5      | Found a staircase to the Ecumenical Temple.
  3838 | Temple   | Entered the Ecumenical Temple
  3847 | Temple   | Became a worshipper of Makhleb the Destroyer
  4245 | D:6      | Reached * piety under Makhleb
  4303 | D:6      | Found a glowing drain.
  4308 | Sewer    | Entered a sewer
  4390 | Sewer    | Noticed Purgy
  4403 | Sewer    | Killed Purgy
  4757 | D:6      | Gained mutation: You passively map the area around you. [Deep Dwarf growth]
  4757 | D:6      | Reached XP level 9. HP: 79/85 MP: 6/6
  5165 | D:7      | Found Yjemoysial's Gadget Shoppe.
  5636 | D:7      | Reached ** piety under Makhleb
  6022 | D:8      | Noticed Maurice
  6077 | D:8      | Noticed Pikel
  6088 | D:8      | Killed Pikel
  6088 | D:8      | Reached skill level 5 in Shields
  6102 | D:8      | Found a hazy altar of Hepliaklqana.
  6310 | D:8      | Killed Maurice
  6310 | D:8      | Reached XP level 10. HP: 95/96 MP: 7/7
  6417 | D:8      | Found a staircase to the Lair.
  6673 | D:9      | Reached *** piety under Makhleb
  7100 | D:9      | Found an ancient bone altar of Kikubaaqudgha.
  7139 | D:9      | Found a radiant altar of Vehumet.
  7139 | D:9      | Found a glowing golden altar of the Shining One.
  7139 | D:9      | Found a shadowy altar of Dithmenos.
  7145 | D:9      | Found a shattered altar of Ashenzari.
  7145 | D:9      | Found a glowing silver altar of Zin.
  7474 | D:9      | Found a staircase to the Orcish Mines.
  7503 | D:9      | Reached **** piety under Makhleb
  7521 | D:9      | Reached skill level 10 in Armour
  7555 | D:9      | Found a roughly hewn altar of Beogh.
  7630 | Orc:1    | Entered Level 1 of the Orcish Mines
  7630 | Orc:1    | Noticed Harold
  7645 | Orc:1    | Noticed an ettin
  7678 | D:10     | Entered Level 10 of the Dungeon
  7830 | D:10     | Got a distressingly furry robe
  7841 | D:10     | Identified the +2 robe "Seovvojopt" {rN+} (You found it on level 10 of the Dungeon)
  7897 | D:10     | Reached skill level 10 in Axes
  8033 | D:10     | Reached XP level 11. HP: 106/106 MP: 7/7
  8275 | D:10     | Killed an unseen horror
  8370 | D:10     | Noticed a hill giant
  8385 | D:10     | Killed a hill giant
  8401 | D:10     | Noticed Snorg
  8536 | Lair:1   | Entered Level 1 of the Lair of Beasts
  9344 | Lair:1   | Noticed a six-headed hydra
  9591 | D:10     | Killed Snorg
  9713 | D:11     | Noticed a death knight
  9772 | D:11     | Killed a death knight
  9883 | D:11     | Reached skill level 10 in Fighting
 10577 | D:12     | Noticed a deep elf mage
 10589 | D:12     | Killed a deep elf mage
 10589 | D:12     | Reached XP level 12. HP: 44/116 MP: 2/2
 10738 | D:12     | Gained mutation: You are agile. (Dex +2) [mutagenic meat]
 10772 | D:12     | Gained mutation: You possess an exceptional clarity of mind. [mutagenic meat]
 10773 | D:12     | Gained mutation: You are frail. (-10% HP) [mutagenic meat]
 10774 | D:12     | Gained mutation: You are very frail. (-20% HP) [mutagenic meat]
 10775 | D:12     | Gained mutation: You are partially covered in thin metallic scales. (AC +2) [mutagenic meat]
 10832 | D:12     | Reached skill level 10 in Shields
 11180 | D:12     | Noticed Kirke
 11429 | D:12     | Reached ***** piety under Makhleb
 11648 | D:12     | Killed Kirke
 11903 | D:13     | Gained mutation: Your body sometimes deteriorates upon taking damage. [mutagenic meat]
 11904 | D:13     | Lost mutation: Your body sometimes deteriorates upon taking damage. [mutagenic meat]
 12052 | D:13     | HP: 1/96 [meliai/divine providence (14)]
 12242 | D:13     | Lost mutation: You are very frail. (-20% HP) [mutagenic meat]
 12243 | D:13     | Gained mutation: You have large cloven feet. [mutagenic meat]
 12244 | D:13     | Gained mutation: Your spells are a little harder to cast, but a little more powerful. [mutagenic meat]
 12451 | D:13     | Reached XP level 13. HP: 114/114 MP: 1/1
 12543 | D:13     | Found a gate to the Vaults.
 12992 | D:13     | Gained mutation: You have sharp fingernails. [mutagenic meat]
 12994 | D:13     | Lost mutation: You have sharp fingernails. [mutagenic meat]
 12995 | D:13     | Lost mutation: You are frail. (-10% HP) [mutagenic meat]
 12996 | D:13     | Gained mutation: Your magical capacity is low. (-10% MP) [mutagenic meat]
 12997 | D:13     | Gained mutation: Your mind is acute. (Int +2) [mutagenic meat]
 13241 | Orc:1    | HP: 5/127 [Harold/bolt of fire (38)]
 13920 | Lair:2   | Found a staircase to the Shoals.
 14247 | Shoals:1 | Entered Level 1 of the Shoals
 14351 | Shoals:1 | Reached ****** piety under Makhleb
 14364 | Shoals:1 | Found a flickering gateway to a bazaar.
 14379 | Bazaar   | Entered a bazaar
 14381 | Bazaar   | Found Buirempaenn's Food Boutique.
 14385 | Bazaar   | Found Liocho's Distillery.
 14385 | Bazaar   | Found Kisuat's Magic Scroll Boutique.
 14385 | Bazaar   | Found Ucou's Book Boutique.
 14440 | Bazaar   | Bought a scroll of identify for 16 gold pieces
 14440 | Bazaar   | Bought a scroll of identify for 16 gold pieces
 14440 | Bazaar   | Bought a scroll of identify for 16 gold pieces
 14440 | Bazaar   | Bought a scroll of identify for 16 gold pieces
 14760 | Shoals:1 | Noticed a kraken
 14798 | Shoals:1 | Killed a kraken
 15170 | Shoals:2 | Gained mutation: You resist negative energy. (rN+) [Deep Dwarf growth]
 15170 | Shoals:2 | Reached XP level 14. HP: 110/138 MP: 0/0
 15725 | Lair:3   | Impaled on a porcupine's spines

Skill      XL: |  1  2  3  4  5  6  7  8  9 10 11 12 13 |
---------------+----------------------------------------+-----
Fighting       | 3 4 5 6 7 9 10 11 12 | 12.3
Axes           | 3 4 5 6 7 9 10 11 12 13 | 13.9
Armour         | 4 5 6 8 9 10 11 12 13 | 13.9
Shields        | 5 7 9 10 12 | 12.3
Dodging        | |  0.2

Action                   |  1- 3 |  4- 6 |  7- 9 | 10-12 | 13-15 || total
-------------------------+-------+-------+-------+-------+-------++-------
Melee: War axe           |   138 |   204 |   533 |  1281 |   601 ||  2757
       Kick              |       |       |       |    10 |   265 ||   275
       Unarmed           |       |       |       |     4 |       ||     4
Invok: Lesser Servant of |       |       |       |     1 |       ||     1
 Abil: Device Recharging |       |     1 |     2 |     9 |       ||    12
Evoke: Wand              |     1 |     2 |    15 |    40 |       ||    58
  Use: Scroll            |       |       |    13 |     7 |    14 ||    34
       Potion            |       |       |       |       |     4 ||     4
  Eat: Chunk             |     1 |     6 |    13 |    40 |    18 ||    78
Armor: Scale mail        |    71 |   108 |   199 |    63 |       ||   441
       Plate armour      |       |       |       |   564 |       ||   564
       Chain mail        |       |       |       |    15 |   449 ||   464
Dodge: Dodged            |    63 |    68 |   125 |   236 |   133 ||   625
Block: Shield            |    90 |   125 |   443 |  1244 |   577 ||  2479
       Reflection        |       |       |    11 |     8 |    39 ||    58
